Cogmind - Beta 16 @@@ ROGUE MODE // 2025.11.11 @ 12:01:49 Player: skywing Result: Core destroyed Performance ------------- Evolutions (5) 2500 Regions Visited (19) 3800 Robots Destroyed (244) 1220 Value Destroyed (8746) 8746 Prototype IDs (21) 420 Alien Tech Used (0) 0 Bonus (3660) 3660 TOTAL SCORE: 20346 Bonus ------- High Alert Combat Kills 582 Follower Combat Kills 1686 Entered Garrisons 200 Met Data Miner 300 Acquired ECA 300 Met Zhirov 300 Built Enhanced Grunts 300 Read Decrypted Archives 300 Friendly Fire -308 Cogmind --------- Core Integrity 0/1000 Matter 259/300 Energy 100/100 System Corruption 18% Temperature Cool (0) Movement Flying (35) Location -5/Archives Parts ------- > --- POWER (1) -------- (None) > --- PROPULSION (5) --- Cooled Nuclear Pulse Thruster > --- UTILITY (8) ------ Advanced Visual Processing Unit Improved Signal Interpreter Advanced Melee Analysis Suite Core Analyzer Improved Hacking Suite Improved Hacking Suite Improved System Shield > --- WEAPON (3) ------- Advanced Datajack > --- INVENTORY (5) ---- Encrypted Comm Array Layered Medium Armor Plating Mass Driver Scatter Rocket Array Improved Datajack Peak State ------------ > --- POWER ------------ Light Fission Core > --- PROPULSION ------- Cooled Nuclear Pulse Thruster Cooled Nuclear Pulse Thruster Cooled Nuclear Pulse Thruster Cooled Nuclear Pulse Thruster Cooled Nuclear Pulse Thruster > --- UTILITY ---------- Advanced Visual Processing Unit Improved Sensor Array Improved Signal Interpreter Advanced Melee Analysis Suite Core Analyzer Improved Reaction Control System Backup Plating VII Remote Force Field > --- WEAPON ----------- Improved Remote Datajack Heavy Mace Thunder Hammer > --- INVENTORY -------- Encrypted Comm Array Layered Medium Armor Plating Mass Driver Scatter Rocket Array Axe [Rating: 94] Favorites ----------- Power Improved Deuterium Engine Engine Improved Deuterium Engine Power Core Micro Fission Core Reactor Quantum Reactor Propulsion Light Treads Treads Light Treads Leg Improved Carbon-fiber Leg Wheel Wheel Hover Unit Combat Gravmag System Flight Unit Cooled Nuclear Pulse Thruster Utility Improved Signal Interpreter Device Improved Sensor Array Storage Large Storage Unit Processor Improved Signal Interpreter Hackware Hacking Suite Protection Light Armor Plating Weapon Gauss Rifle Energy Gun Thermic Laser Energy Cannon Light EM Pulse Cannon Ballistic Gun Gauss Rifle Ballistic Cannon Light Cannon Launcher Missile Launcher Special Weapon Improved Remote Datajack Impact Weapon Thunder Hammer Slashing Weapon Katana Piercing Weapon Makeshift Spear Special Melee Weapon Improved Datajack Build | -11 -10 -10 -9 -9 -8 -7 -7 -7 -7 -7 -7 -7 -7 -6 -6 -5 -5 -5 -5 ------- Run | Yrd Mat Min Mat Min Mat Fac Was Fac Gar Fac Low Low Dat Pro Fac Fac Ext Cet Arc Slots Evolved 10 | . . . 2 . 2 2 . . . . . . . . 2 2 . . . Power . | . . . . . . . . . . . . . . . . . . . . Propulsion 3 | . . . . . 1 . . . . . . . . . 1 1 . . . Utility 6 | . . . 2 . 1 1 . . . . . . . . 1 1 . . . Weapon 1 | . . . . . . 1 . . . . . . . . . . . . . Parts Attached 226 | 9 14 7 23 1 30 8 . 8 14 21 3 3 . 2 18 49 9 2 5 Power 24 | 1 4 2 1 . 3 . . . 1 2 . . . . 2 5 2 1 . Engine 14 | 1 3 2 1 . 2 . . . 1 1 . . . . 1 1 1 . . Core 9 | . 1 . . . 1 . . . . 1 . . . . 1 4 1 . . Reactor 1 | . . . . . . . . . . . . . . . . . . 1 . Propulsion 61 | 3 2 2 6 . 7 3 . 3 3 7 . . . . 4 21 . . . Treads 19 | 1 . 1 3 . 5 3 . 3 3 . . . . . . . . . . Leg 7 | . . . . . . . . . . . . . . . . 7 . . . Wheel 18 | 2 2 1 3 . 2 . . . . 4 . . . . 1 3 . . . Hover 9 | . . . . . . . . . . 3 . . . . 3 3 . . . Flight 8 | . . . . . . . . . . . . . . . . 8 . . . Utility 76 | 2 5 2 6 1 11 2 . 3 3 8 2 1 . 1 7 15 4 . 3 Device 28 | 1 2 . 1 1 4 1 . 1 1 3 2 . . 1 2 6 2 . . Storage 7 | 1 2 . 1 . . . . . . 1 . . . . 1 1 . . . Processor 19 | . 1 . 2 . 4 1 . 1 1 . . 1 . . 3 5 . . . Hackware 7 | . . . . . 1 . . 1 . . . . . . . 1 1 . 3 Protection 15 | . . 2 2 . 2 . . . 1 4 . . . . 1 2 1 . . Artifact . | . . . . . . . . . . . . . . . . . . . . Weapon 65 | 3 3 1 10 . 9 3 . 2 7 4 1 2 . 1 5 8 3 1 2 Energy Gun 13 | . . . 4 . . . . 1 5 1 . 1 . . . . . 1 . Energy Cannon 1 | . . . 1 . . . . . . . . . . . . . . . . Ballistic Gun 13 | 3 . . 1 . 4 2 . 1 1 1 . . . . . . . . . Ballistic Cannon 14 | . 1 1 3 . 1 . . . 1 2 . . . . . 5 . . . Launcher 5 | . 1 . 1 . 2 . . . . . . . . . . . . . 1 Special Weapon 1 | . . . . . . . . . . . . . . . . 1 . . . Impact Weapon 9 | . 1 . . . 1 . . . . . . 1 . . 5 1 . . . Slashing Weapon 4 | . . . . . 1 . . . . . . . . 1 . . 2 . . Piercing Weapon 1 | . . . . . . . . . . . 1 . . . . . . . . Special Melee Weapon 4 | . . . . . . 1 . . . . . . . . . 1 1 . 1 Unidentified Prototypes 7 | . . . 1 . 1 . . . . . . . . . 3 1 . 1 . Corrupted Parts 1 | . . . . . . . . . . . . . . . . 1 . . . System Corruption 5 | . . . . . . . . . . . . . . . . 5 . . . Parts Lost 75 | . . 2 5 1 2 . 1 3 7 8 . . . . 16 16 5 2 7 Power 9 | . . 2 . . . . . . . 2 . . . . 2 1 1 . 1 Propulsion 25 | . . . 1 . 1 . . . 3 2 . . . . 5 9 . . 4 Utility 21 | . . . 2 1 1 . 1 . . 3 . . . . 5 3 3 1 1 Weapon 20 | . . . 2 . . . . 3 4 1 . . . . 4 3 1 1 1 Highest Loss Streak 9 | . . 1 3 1 1 . 1 2 3 4 . . . . 9 5 2 1 7 To Critical Strikes 2 | . . . . . . . . . . . . . . . . . . 2 . Average Backups 13 | 3 10 14 17 24 14 14 14 12 14 18 14 14 14 14 13 5 4 4 5 Power 1 | 1 1 1 1 4 1 1 1 2 2 2 . . . . . . . . . Propulsion 2 | 1 2 2 3 4 1 1 2 2 3 3 4 4 4 4 3 . . . . Utility 5 | . 3 5 7 10 6 5 4 3 3 8 7 6 6 6 6 1 1 1 1 Weapon 3 | 1 3 4 4 5 5 5 5 3 3 2 1 1 2 2 . 1 2 2 2 Tool/Special . | . . . . . . . . . . . . . . . . . . . . Unused Backups 41 | . 6 2 5 1 8 . 3 1 2 6 . . . . 3 4 . . . Power 13 | . 2 1 2 1 2 . 1 . 2 1 . . . . 1 . . . . Propulsion 6 | . 2 . . . 1 . 1 1 . . . . . . 1 . . . . Utility 15 | . . 1 2 . 4 . 1 . . 4 . . . . 1 2 . . . Weapon 5 | . 2 . 1 . . . . . . 1 . . . . . 1 . . . Tool/Special 2 | . . . . . 1 . . . . . . . . . . 1 . . . Average Slot Usage (%) 94 | . 100 99 98 100 96 99 85 91 90 94 98 100 100 94 89 85 84 77 90 Engine 5 | . 7 13 10 11 5 7 7 7 7 5 . . . . . . 2 . . Core 2 | . 6 . . . 3 . . . . 1 7 7 7 7 5 3 2 . . Treads 9 | . 14 14 8 11 24 15 11 14 14 5 . . . . . . . . . Wheel 6 | . 14 14 13 11 . 7 7 1 . 9 . . . . . 3 . . . Hover 4 | . . . . . . . . . . 4 23 23 23 23 23 4 . . . Flight 2 | . . . . . . . . . . . . . . . . 4 29 28 29 Device 10 | . 12 . 4 9 12 22 15 18 3 17 22 15 15 20 11 11 9 5 5 Storage 7 | . 14 14 11 11 9 7 7 7 7 7 7 7 7 7 6 . . . . Processor 16 | . 1 . 19 12 17 15 15 18 29 13 7 14 15 15 22 25 23 23 23 Protection 4 | . . 13 8 11 5 . . . 3 5 7 7 7 2 4 1 2 . . Energy Gun 2 | . . . 4 11 . . . 1 10 2 . . . . . . . . . Ballistic Gun 5 | . 16 1 2 11 13 18 7 15 4 1 . . . . . . . . . Ballistic Cannon 6 | . 9 26 12 . 1 . . . 3 9 7 . . . . 8 . . . Impact Weapon 2 | . 2 . . . 1 1 4 . . . . 6 7 7 7 5 4 5 5 Slashing Weapon 1 | . . . . . 1 . . 3 1 7 7 7 7 7 3 . 1 1 . Peak Build Rating 94 | 7 10 10 19 20 28 38 36 51 56 51 57 56 56 58 79 93 94 86 94 Average Rating 38 | 5 8 8 13 19 24 36 31 44 50 41 55 55 56 57 64 70 78 73 86 On Entrance 39 | . 7 10 9 19 20 28 35 27 51 39 48 56 56 56 58 24 93 81 72 Avg Prop Armor Cover (%) 7 | 4 9 5 5 8 18 10 12 9 13 7 . 3 . . 3 6 2 . . Naked Turns . | . . . . . . . . . . . . . . . . . . . . Heaviest Build 115 | 15 31 36 98 99 97 50 47 43 49 115 42 42 38 39 43 44 30 30 25 Greatest Support 100 | 26 20 20 26 10 60 40 10 100 100 60 42 42 42 42 56 84 45 30 45 Greatest Overweight (x) 12 | . 3 2 9 9 9 4 4 4 12 11 . 1 . . 4 7 . 1 . Average Overweight (x) 1 | . 1 1 3 9 . 2 3 1 . 2 . . . . . . . . . Largest Inventory Capacity 25 | 8 15 15 25 25 25 15 15 15 15 25 15 15 15 15 15 15 5 5 5 Average Capacity 14 | 7 10 15 18 25 15 15 15 15 15 20 15 15 15 15 15 5 5 5 5 Most Carried 25 | 7 15 15 25 25 24 15 15 15 15 25 15 15 15 15 15 10 5 5 5 Average Carried 13 | 4 10 14 17 24 14 14 14 13 14 18 15 14 15 14 14 5 4 4 4 Final Capacity 25 | 8 15 15 25 25 15 15 15 15 15 15 15 15 15 15 15 5 5 5 5 Final Carried 25 | 7 15 15 25 25 13 15 15 13 11 15 15 15 15 15 11 5 5 5 5 Class Distribution -------------------- 45% | Mutant 14% | Scout 10% | Scavenger-Mutant 6% | Assassin 5% | Scavenger-Gunner 4% | Gunner 3% | Commander-Sprinter 3% | Scavenger-Assassin Dominant Class ---------------- Mutant | -10/Materials Mutant | -10/Mines Mutant | -9/Materials Mutant | -9/Mines Mutant | -8/Materials Gunner | -7/Factory Mutant | -7/Waste Assassin | -7/Factory Scavenger-Gunner | -7/Garrison Scavenger-Mutant | -7/Factory Scout | -7/Lower Caves Scout | -7/Lower Caves Scout | -7/Data Miner Scout | -6/Proximity Caves Scout | -6/Factory Assassin | -5/Factory Scout | -5/Extension Commander-Sprinter | -5/Cetus Commander-Sprinter | -5/Archives Resources | -11 -10 -10 -9 -9 -8 -7 -7 -7 -7 -7 -7 -7 -7 -6 -6 -5 -5 -5 -5 ----------- Run | Yrd Mat Min Mat Min Mat Fac Was Fac Gar Fac Low Low Dat Pro Fac Fac Ext Cet Arc Matter Collected 7769 | 240 604 235 787 273 1045 501 . 467 933 419 94 351 . 152 288 1015 173 124 68 Remotely 1049 | . . . . . 306 493 . . . 250 . . . . . . . . . Salvage Created 8745 | 25 631 271 916 121 1245 583 . 469 1043 257 36 41 . . 619 1488 594 . 406 Parts 433 | 4 46 15 57 9 77 33 . 27 61 21 1 3 . . 28 31 7 . 13 Haulers Intercepted 12 | . 2 . 3 . 2 1 . . . . . . . . 2 2 . . . Recyclers Shooed 6 | . . . 2 1 1 . . . . . . . . . . 1 1 . . Parts Field Recycled . | . . . . . . . . . . . . . . . . . . . . Retrieved Matter . | . . . . . . . . . . . . . . . . . . . . Parts Self-Destructed . | . . . . . . . . . . . . . . . . . . . . Prevented . | . . . . . . . . . . . . . . . . . . . . Parts Restored . | . . . . . . . . . . . . . . . . . . . . Kills | -11 -10 -10 -9 -9 -8 -7 -7 -7 -7 -7 -7 -7 -7 -6 -6 -5 -5 -5 -5 ------- Run | Yrd Mat Min Mat Min Mat Fac Was Fac Gar Fac Low Low Dat Pro Fac Fac Ext Cet Arc Combat Hostiles Destroyed 166 | . 15 11 19 5 24 11 . 10 33 5 . . . . 8 18 2 . 5 Melee 23 | . . . . . 1 . . 4 . 2 . . . . 8 8 . . . Guns 52 | . 12 3 1 5 9 5 . 4 13 . . . . . . . . . . Cannons 37 | . 1 8 17 . 2 . . . 2 3 . . . . . 4 . . . AOE 46 | . 2 . 1 . 12 6 . 2 18 . . . . . . . . . 5 Classes Destroyed 16 | 1 7 2 2 1 1 . . 1 . . 1 . . . . . . . . Worker 16 | . 4 . 2 . 2 1 . . . 3 . . . . . 4 . . . Builder 12 | . . . 1 . 2 3 . 1 . 1 . . . . . 3 1 . . Tunneler 6 | 1 . . 3 . 1 . . . . 1 . . . . . . . . . Hauler 12 | . 2 . 3 . 2 1 . . . . . . . . 2 2 . . . Recycler 10 | . . . 1 . 2 . . 1 . . . . . . . 3 3 . . Mechanic 3 | . 1 . . . 1 . . . . . . . . . . 1 . . . Operator 8 | . 1 . 3 . 2 1 . . . . . . . . . 1 . . . Watcher 11 | . 2 . 2 . 1 . . . . 1 . . . . 3 1 1 . . Swarmer 52 | . 8 3 3 4 4 . . 3 16 . . . . . 4 7 . . . Grunt 77 | . 7 5 12 . 13 10 . 4 10 2 . . . . 1 7 1 . 5 Brawler 3 | . . . . 1 1 1 . . . . . . . . . . . . . Sentry 18 | . . 2 4 . 3 . . . 6 2 . . . . . . 1 . . Hunter 5 | . . . . . 3 . . . . . . . . . 2 . . . . Programmer 10 | . . . . . . . . 3 1 1 . . . . 1 4 . . . Samaritan 2 | . . . . . . . . . . . 1 1 . . . . . . . Assembled 1 | . . 1 . . . . . . . . . . . . . . . . . Guerrilla 1 | . . . . . . . . . 1 . . . . . . . . . . Best Kill Streak 9 | 1 9 3 7 4 8 8 . 3 9 3 . . . . 4 9 2 . 5 Combat Bots Only 9 | . 8 3 5 4 8 3 . 3 9 2 . . . . 4 5 2 . 5 Max Kills in Single Turn 5 | 1 3 2 2 2 4 2 . 2 5 1 1 1 . . 1 1 1 . 5 Gunslinging 1 | . 1 1 . 1 . . . . . . . . . . . . . . . Exploded 5 | . 2 . 1 . 4 2 . 2 4 . . . . . . . . . 5 Melee 1 | . . . . . 1 . . 1 . 1 . . . . 1 1 . . . Uniques/NPCs Destroyed . | . . . . . . . . . . . . . . . . . . . . Combat | -11 -10 -10 -9 -9 -8 -7 -7 -7 -7 -7 -7 -7 -7 -6 -6 -5 -5 -5 -5 -------- Run | Yrd Mat Min Mat Min Mat Fac Was Fac Gar Fac Low Low Dat Pro Fac Fac Ext Cet Arc Hostile Shots Fired 1444 | . 64 55 93 26 84 58 2 60 266 154 6 . . . 302 197 66 4 7 Missed 490 | . 18 21 23 4 26 20 1 20 85 59 6 . . . 96 72 38 . 1 Hits 954 | . 46 34 70 22 58 38 1 40 181 95 . . . . 206 125 28 4 6 Melee 10 | . . 4 . 4 1 . 1 . . . . . . . . . . . . Projectile 944 | . 46 30 70 18 57 38 . 40 181 95 . . . . 206 125 28 4 6 AOE 1 | . . . . . . . . . . . . . . . . 1 . . . Critical Strikes 26 | . 1 . 1 2 1 4 1 1 . 1 . . . . 6 6 . 2 . Part Disruptions 6 | . . . . . . . . . . . . 1 . . 5 . . . . Damage Taken 14749 | . 470 487 935 185 1005 590 58 632 1847 948 . 75 . . 3423 2556 469 126 943 Core 2758 | . 117 94 90 15 131 109 . 62 239 90 . . . . 786 505 45 11 464 Absorbed by Shields 303 | . . . . 64 27 . . . . . . . . . . 62 108 42 . Reduced by Siege Mode 66 | . . . . . . . . . 66 . . . . . . . . . . Redirected to Shielding 80 | . . 40 . . . . . . 31 9 . . . . . . . . . Ignored by Resistances 40 | . . . . . . . . . . . . . . . . . . 26 14 Regen/Repaired (Parts) 1119 | . . . 229 . . . . 693 . . . . . . 197 . . . . Core Remaining (%) 49 | 100 . 15 . 73 76 . . . . . . . . 28 7 . . . . Volleys Fired 398 | 1 57 33 80 14 57 29 . 13 62 20 . . . . . 29 . . 3 Largest 3 | 2 2 2 2 2 2 3 . 3 3 2 . . . . . 3 . . 1 Hottest 218 | 40 50 60 98 79 64 100 . 120 218 80 . . . . . 141 . . 50 Shots Fired 844 | 2 114 66 143 29 114 85 . 33 154 40 . . . . . 61 . . 3 Gun 468 | 2 84 6 23 29 100 78 . 32 114 . . . . . . . . . . Cannon 340 | . 29 60 119 . 7 . . . 22 40 . . . . . 61 . . 2 Launcher 36 | . 1 . 1 . 7 7 . 1 18 . . . . . . . . . 1 Special . | . . . . . . . . . . . . . . . . . . . . Kinetic 698 | 2 113 66 113 14 107 78 . 29 73 40 . . . . . 61 . . 2 Thermal 91 | . . . 17 15 . . . 3 56 . . . . . . . . . . Explosive 36 | . 1 . 1 . 7 7 . 1 18 . . . . . . . . . 1 Electromagnetic 19 | . . . 12 . . . . . 7 . . . . . . . . . . Robot Hit Streak 15 | 1 7 14 14 7 11 14 . 4 15 10 . . . . . 7 . . 2 Robot Miss Streak 8 | . 3 5 3 1 3 3 . 4 8 3 . . . . . 4 . . 4 Penetration Max 1 | . . . . . 1 1 . . 1 . . . . . . 1 . . . Secondary Targets 7 | . 3 2 . 1 1 . . . . . . . . . . . . . . Max Gunslinging Chain 1 | . 1 1 . 1 1 . . . . . . . . . . . . . . Shots Hit Robots 672 | 1 62 40 94 20 79 53 . 35 95 41 3 1 . . 25 64 47 4 8 Core Hits 338 | 1 33 15 42 7 55 29 . 18 83 15 . 1 . . 9 15 1 . 14 Critical Kills 7 | . . . . . 1 . . . 2 . . . . . 2 2 . . . Critical Parts Destroyed 23 | . 1 . . . 2 . . . 2 . . . . . 3 11 4 . . Critical Strikes 47 | . 1 . 4 2 3 . . 1 7 2 . . . . 5 17 4 1 . Burn 2 | . . . . 2 . . . . . . . . . . . . . . . Destroy 9 | . 1 . . . 3 . . . 5 . . . . . . . . . . Blast 8 | . . . 4 . . . . . . . . . . . . 4 . . . Smash 22 | . . . . . . . . . . . . . . . 5 13 4 . . Sever 6 | . . . . . . . . 1 2 2 . . . . . . . 1 . Melee Attacks 312 | . 6 7 4 . 5 10 . 26 10 40 4 2 . . 45 69 66 13 5 Impact 177 | . 6 7 4 . 2 10 . . . . . 1 . . 34 69 35 5 4 Slashing 100 | . . . . . 3 . . 26 10 40 2 . . . 11 . . 8 . Piercing 3 | . . . . . . . . . . . 2 1 . . . . . . . Sneak Attacks 64 | . 2 . . . 1 . . . . 8 3 1 . . 1 12 36 . . Combat Hostiles 1 | . . . . . . . . . . . . . . . . 1 . . . Follow-up Attacks 2 | . . . . . . . . . . . 1 . . . 1 . . . . Damage Inflicted 22548 | 12 1030 676 1971 302 2913 1781 . 1060 3034 1504 193 54 . . 1456 4413 994 176 979 Guns 5410 | 12 593 52 140 302 1463 1119 . 348 1381 . . . . . . . . . . Cannons 4438 | . 204 603 1654 . 104 . . . 73 679 . . . . . 1054 . . 67 Explosions 4388 | . 121 . 177 . 1229 662 . 98 1449 . . . . . . 112 . . 540 Melee 8312 | . 112 21 . . 117 . . 614 131 825 193 54 . . 1456 3247 994 176 372 Ramming . | . . . . . . . . . . . . . . . . . . . . Kinetic 8565 | 12 797 655 1458 181 1567 1119 . 292 684 679 . . . . . 1054 . . 67 Thermal 1412 | . . . 251 121 98 166 . 56 720 . . . . . . . . . . Explosive 3955 | . 121 . 55 . 1131 496 . 98 1402 . . . . . . 112 . . 540 Electromagnetic 304 | . . . 207 . . . . . 97 . . . . . . . . . . Impact 5924 | . 112 21 . . . . . . . . . . . . 1178 3247 994 . 372 Slashing 2278 | . . . . . 117 . . 614 131 825 137 . . . 278 . . 176 . Piercing 110 | . . . . . . . . . . . 56 54 . . . . . . . Highest Corruption 18 | . . . 1 3 2 . 7 15 15 15 15 14 14 14 10 18 18 18 18 Average Corruption 10 | . . . 1 2 2 . 7 10 15 15 13 12 14 14 3 10 18 18 18 Corruption Purged 3 | . . . . . . . . . . . 3 . . . . . . . . Corruption Blocked . | . . . . . . . . . . . . . . . . . . . . Effects 293 | . . . . 11 6 . 1 24 58 60 5 17 3 10 11 39 32 11 5 Message Errors 63 | . . . . 2 1 . . 6 11 22 3 3 1 2 2 5 2 2 1 Matter Fused 55 | . . . . 2 . . . 6 11 13 . 6 . 3 . 5 7 2 . Heat Flow Errors 33 | . . . . 2 . . . 3 6 3 . 2 . 2 3 5 5 2 . Energy Discharges 34 | . . . . . 4 . . 4 2 5 . 1 . 1 2 7 5 2 1 Parts Rejected 6 | . . . . . . . 1 . 2 . . . . . . 2 . . 1 Parts Fused 3 | . . . . 1 . . . . 1 . . . . . . . 1 . . Data Loss (minor) 46 | . . . . 2 1 . . 2 9 8 1 3 1 1 3 7 6 1 1 Data Loss (major) 16 | . . . . 1 . . . 2 2 4 . 1 1 1 1 1 . 2 . Misfires 7 | . . . . 1 . . . . 3 1 . . . . . 2 . . . Alerts 6 | . . . . . . . . 1 2 1 1 1 . . . . . . . Misdirections 15 | . . . . . . . . . 2 2 . . . . . 4 6 . 1 Weapon Failures 9 | . . . . . . . . . 7 1 . . . . . 1 . . . Overload Shots . | . . . . . . . . . . . . . . . . . . . . Overflow Damage 3471 | . 32 . 21 . 106 57 . 73 77 119 83 . . . 327 1928 433 . 215 Projectiles 172 | . . . 21 . . . . . . . . . . . . 151 . . . Explosions 211 | . . . . . 61 57 . . 77 . . . . . . 16 . . . Melee 3088 | . 32 . . . 45 . . 73 . 119 83 . . . 327 1761 433 . 215 Knockbacks 67 | . 2 4 16 . 3 . . . . 7 . . . . 4 23 6 . 2 Impact 22 | . 2 . . . . . . . . . . . . . 4 10 5 . 1 Kinetic 39 | . . 4 14 . 3 . . . . 7 . . . . . 10 . . 1 Secondary 6 | . . . 2 . . . . . . . . . . . . 3 1 . . Self-Inflicted Damage 400 | . . . 66 . 107 . . . 133 . . . . . . 94 . . . Shots 7 | . . . 2 . 2 . . . 2 . . . . . . 1 . . . Rammed . | . . . . . . . . . . . . . . . . . . . . Targets Rammed . | . . . . . . . . . . . . . . . . . . . . Kicked . | . . . . . . . . . . . . . . . . . . . . Crushed . | . . . . . . . . . . . . . . . . . . . . Highest Temperature 453 | . 9 159 309 198 66 256 . 254 393 453 . 227 . 143 131 275 449 262 178 Average Temperature 85 | . 3 56 95 83 18 75 . 80 93 121 . 107 . 63 46 73 151 102 89 Received Heat Transfer 3035 | . 123 141 369 . 258 414 . 45 480 333 . . . . 317 391 124 13 27 Effects 13 | . . . 5 . . 1 . . 2 4 . . . . . . 1 . . Shutdowns 2 | . . . . . . . . . . 1 . . . . . . 1 . . Interference 9 | . . . 5 . . 1 . . 2 1 . . . . . . . . . Matter Decay 1 | . . . . . . . . . . 1 . . . . . . . . . Damage (minor) 1 | . . . . . . . . . . 1 . . . . . . . . . Siege Activations 5 | . . . . . . . . . 5 . . . . . . . . . . Total Turns 59 | . . . . . . . . . 59 . . . . . . . . . . Longest Duration 31 | . . . . . . . . . 31 . . . . . . . . . . Martial Activations . | . . . . . . . . . . . . . . . . . . . . Shielding Activations . | . . . . . . . . . . . . . . . . . . . . Robots Disrupted . | . . . . . . . . . . . . . . . . . . . . Combat Hostiles . | . . . . . . . . . . . . . . . . . . . . Robots Corrupted 21 | . 1 . . . . . . . . . . . . . 2 11 5 . 2 Combat Hostiles 8 | . . . . . . . . . . . . . . . . 6 2 . . Parts Fried 44 | . 1 . . . . . . . . . . . . . 1 23 9 . 10 Impact Corruptions 72 | . 2 . . . . . . . . . . . . . 11 41 14 . 4 Robots Melted . | . . . . . . . . . . . . . . . . . . . . Combat Hostiles . | . . . . . . . . . . . . . . . . . . . . Parts Melted 1 | . . . . . . . . . 1 . . . . . . . . . . Heat Transferred 2809 | . . . 546 407 50 100 . 111 1595 . . . . . . . . . . Parts Sabotaged . | . . . . . . . . . . . . . . . . . . . . Parts Stolen . | . . . . . . . . . . . . . . . . . . . . Parts Stripped . | . . . . . . . . . . . . . . . . . . . . Power Chain Reactions 2 | . . . 1 . . . . . 1 . . . . . . . . . . Alert | -11 -10 -10 -9 -9 -8 -7 -7 -7 -7 -7 -7 -7 -7 -6 -6 -5 -5 -5 -5 ------- Run | Yrd Mat Min Mat Min Mat Fac Was Fac Gar Fac Low Low Dat Pro Fac Fac Ext Cet Arc Maximum Alert Level 4 | . 1 . . . 2 2 . . 4 3 . . . . . 1 3 3 2 Low Security (%) 69 | 100 96 100 100 100 65 70 100 100 18 . . . . . 100 92 23 . . Level 1 6 | . 3 . . . 15 28 . . 7 . . . . . . 7 34 11 56 Level 2 15 | . . . . . 18 . . . 11 90 . . . . . . 22 72 43 Level 3 5 | . . . . . . . . . 41 9 . . . . . . 19 15 . Level 4 1 | . . . . . . . . . 20 . . . . . . . . . . Level 5 . | . . . . . . . . . . . . . . . . . . . . High Security . | . . . . . . . . . . . . . . . . . . . . Max Security . | . . . . . . . . . . . . . . . . . . . . Peak Influence 1449 | 5 216 70 188 115 432 405 136 77 1449 760 . . . . 96 262 743 724 597 Initial 760 | . . . 2 62 3 171 136 60 43 760 . . . . . . 126 388 245 Average 213 | . 20 19 81 30 171 208 113 33 735 534 . . . . 33 111 389 592 391 Influence Increases 8206 | 5 473 250 649 239 857 472 . 328 1476 289 . . . . 336 891 1053 506 382 Destroy 0b10 Robot/C 4180 | . 300 200 380 180 480 220 . 200 700 100 . . . . 160 360 540 220 140 Destroy 0b10 Robot/NC 425 | 5 50 . 75 . 65 30 . 10 . 30 . . . . 25 75 30 5 25 Destroy Leader 696 | . 58 20 120 30 116 32 . 60 30 42 . . . . 40 76 52 20 . Allied During Kill 663 | . . . . 14 . . . . 13 . . . . . . . 234 245 157 Successful Hack 138 | . 5 . 8 . 29 12 . 31 . 8 . . . . 27 13 5 . . Disable Machine 585 | . 15 . 30 . 105 135 . 15 75 90 . . . . 15 75 . . 30 Anti-Garrison Action 500 | . . . . . . . . . 500 . . . . . . . . . . Destroy Structure 569 | . 15 . 21 . 62 43 . 12 128 19 . . . . 9 142 72 16 30 Partial Spotted 75 | . . . . . . . . . . . . . . . . 15 60 . . Lose Combat Pursuer 375 | . 30 30 15 15 . . . . 30 . . . . . 60 135 60 . . Influence Decreases 7699 | 5 473 242 496 391 488 461 303 352 89 1311 239 188 . . 336 633 616 587 489 Entered New Map 2308 | . . . 6 99 6 207 253 26 19 689 159 36 . . . . 132 307 369 Time Decay 4296 | 5 323 232 449 292 401 254 40 296 . 542 80 152 . . 240 506 294 160 30 Lost Part 624 | . . 10 41 . 20 . 10 30 70 80 . . . . 96 127 50 20 70 Lost Ally 260 | . . . . . . . . . . . . . . . . . 140 100 20 Purge Threat 211 | . 150 . . . 61 . . . . . . . . . . . . . . Squads Dispatched 47 | . 4 . 4 . 4 4 . 3 . 6 . . . . 8 8 4 2 . Investigation 23 | . 4 . 1 . 2 2 . 2 . 2 . . . . 2 2 4 2 . Extermination 11 | . . . . . . . . 1 . 3 . . . . 3 4 . . . Reinforcement 12 | . . . 3 . 2 2 . . . . . . . . 3 2 . . . Assault 1 | . . . . . . . . . . 1 . . . . . . . . . Garrison . | . . . . . . . . . . . . . . . . . . . . Intercept . | . . . . . . . . . . . . . . . . . . . . Searches Triggered . | . . . . . . . . . . . . . . . . . . . . Data Miner Redirects 7 | . . . . . . . . . . . . . . . 2 1 2 2 . Construction Impeded . | . . . . . . . . . . . . . . . . . . . . Haulers Reinforced 2 | . . . . . . 1 . . . . . . . . . 1 . . . Active Scanning Responses . | . . . . . . . . . . . . . . . . . . . . Cargo Convoy Interrupts 1 | . . . . . . . . . . . . . . . 1 . . . . Stealth | -11 -10 -10 -9 -9 -8 -7 -7 -7 -7 -7 -7 -7 -7 -6 -6 -5 -5 -5 -5 --------- Run | Yrd Mat Min Mat Min Mat Fac Was Fac Gar Fac Low Low Dat Pro Fac Fac Ext Cet Arc Distress Signals 7 | . . . 3 . . . . . . . . . . . 1 . 2 1 . Communications Jammed 15 | . . . . . . . . 7 . 8 . . . . . . . . . Distress Signals 15 | . . . . . . . . 7 . 8 . . . . . . . . . Times Spotted 327 | . 28 12 28 8 31 11 4 11 33 11 4 . . . 40 39 30 11 26 Peak Tracking Total 16 | . 5 3 7 4 8 4 4 3 7 2 4 . . . 11 6 10 5 16 Tactical Retreats 20 | . 1 2 1 1 . . . . 1 . . . . . 4 7 3 . . Traps | -11 -10 -10 -9 -9 -8 -7 -7 -7 -7 -7 -7 -7 -7 -6 -6 -5 -5 -5 -5 ------- Run | Yrd Mat Min Mat Min Mat Fac Was Fac Gar Fac Low Low Dat Pro Fac Fac Ext Cet Arc Traps Triggered 18 | . 1 . 1 . 3 2 . 1 . 2 . 1 . . . 4 3 . . Indirectly . | . . . . . . . . . . . . . . . . . . . . Trap Hack Attempts . | . . . . . . . . . . . . . . . . . . . . Triggered . | . . . . . . . . . . . . . . . . . . . . Disarmed . | . . . . . . . . . . . . . . . . . . . . Reprogrammed . | . . . . . . . . . . . . . . . . . . . . Reused . | . . . . . . . . . . . . . . . . . . . . Traps Extracted . | . . . . . . . . . . . . . . . . . . . . Installed . | . . . . . . . . . . . . . . . . . . . . Triggered . | . . . . . . . . . . . . . . . . . . . . Machines | -11 -10 -10 -9 -9 -8 -7 -7 -7 -7 -7 -7 -7 -7 -6 -6 -5 -5 -5 -5 ---------- Run | Yrd Mat Min Mat Min Mat Fac Was Fac Gar Fac Low Low Dat Pro Fac Fac Ext Cet Arc Machines Disabled 46 | . 1 . 2 . 7 9 . 1 12 6 . . . . 1 5 . . 2 Max in Single Turn 5 | . 1 . 1 . 1 5 . 1 2 1 . . . . 1 1 . . 1 Garrison Relay 5 | . . . . . . . . . 5 . . . . . . . . . . Phase Generator 1 | . . . . . . . . . 1 . . . . . . . . . . Machines Repaired . | . . . . . . . . . . . . . . . . . . . . Machines Dismantled . | . . . . . . . . . . . . . . . . . . . . Machines Sabotaged . | . . . . . . . . . . . . . . . . . . . . Overloaded Fab Kills . | . . . . . . . . . . . . . . . . . . . . Hacking | -11 -10 -10 -9 -9 -8 -7 -7 -7 -7 -7 -7 -7 -7 -6 -6 -5 -5 -5 -5 --------- Run | Yrd Mat Min Mat Min Mat Fac Was Fac Gar Fac Low Low Dat Pro Fac Fac Ext Cet Arc Machines Accessed 61 | . 6 . 5 . 5 3 . 5 2 12 . 1 4 . 7 4 4 2 1 Terminals 40 | . 6 . 3 . 4 3 . 3 2 7 . . . . 3 3 4 2 . Fabricators 2 | . . . . . . . . . . . . . . . 2 . . . . Repair Stations 6 | . . . 1 . . . . 1 . 1 . . . . 2 1 . . . Recycling Units 3 | . . . . . . . . . . 3 . . . . . . . . . Scanalyzers 3 | . . . 1 . 1 . . . . 1 . . . . . . . . . Garrison Access 1 | . . . . . . . . 1 . . . . . . . . . . . Total Hacks 214 | . 23 . 15 . 18 7 . 17 4 19 . 1 32 . 18 12 14 9 25 Successful 115 | . 5 . 11 . 12 2 . 9 . 4 . 1 32 . 8 3 1 2 25 Failed 97 | . 17 . 4 . 5 5 . 8 4 15 . . . . 10 9 13 7 . Catastrophic 31 | . 5 . 2 . . 1 . 2 1 8 . . . . 2 5 3 2 . Database Lockouts 2 | . 1 . . . 1 . . . . . . . . . . . . . . Manual 75 | . 9 . 4 . 9 3 . 7 . 11 . . . . 6 11 14 1 . Terminals 105 | . 23 . 4 . 10 7 . 7 4 11 . . . . 5 11 14 9 . Fabricators 5 | . . . . . . . . . . . . . . . 5 . . . . Repair Stations 25 | . . . 6 . . . . 8 . 2 . . . . 8 1 . . . Recycling Units 5 | . . . . . . . . . . 5 . . . . . . . . . Scanalyzers 14 | . . . 5 . 8 . . . . 1 . . . . . . . . . Garrison Access 2 | . . . . . . . . 2 . . . . . . . . . . . Terminal Hacks 72 | . 5 . . . 4 1 . . . 1 . 1 32 . . 1 . 2 25 Record 38 | . . . . . . . . . . . . . 11 . . . . 2 25 Part Schematic 12 | . . . . . . . . . . . . . 12 . . . . . . Robot Schematic 6 | . . . . . . . . . . . . . 6 . . . . . . Robot Analysis 2 | . 1 . . . 1 . . . . . . . . . . . . . . Prototype ID Bank 6 | . 2 . . . 1 . . . . . . . 3 . . . . . . Open Door 1 | . . . . . . . . . . . . 1 . . . . . . . Open DSF 1 | . . . . . . . . . . 1 . . . . . . . . . Branch Access Points 3 | . . . . . 1 1 . . . . . . . . . 1 . . . Alert Level 1 | . 1 . . . . . . . . . . . . . . . . . . Unreport Threat 2 | . 1 . . . 1 . . . . . . . . . . . . . . Fabricator Hacks 1 | . . . . . . . . . . . . . . . 1 . . . . Load Schematic 1 | . . . . . . . . . . . . . . . 1 . . . . Repair Station Hacks 17 | . . . 6 . . . . 6 . . . . . . 5 . . . . Scan Component 9 | . . . 3 . . . . 3 . . . . . . 3 . . . . Repair 8 | . . . 3 . . . . 3 . . . . . . 2 . . . . Recycling Unit Hacks 1 | . . . . . . . . . . 1 . . . . . . . . . Report Inventory 1 | . . . . . . . . . . 1 . . . . . . . . . Scanalyzer 11 | . . . 5 . 6 . . . . . . . . . . . . . . Insert Component 5 | . . . 2 . 3 . . . . . . . . . . . . . . Analyze 5 | . . . 2 . 3 . . . . . . . . . . . . . . Retrieve Study 1 | . . . 1 . . . . . . . . . . . . . . . . Garrison Access Hacks 1 | . . . . . . . . 1 . . . . . . . . . . . Unlock Access 1 | . . . . . . . . 1 . . . . . . . . . . . Unauthorized Hacks 12 | . . . . . 2 1 . 2 . 2 . . . . 2 2 1 . . Terminals 10 | . . . . . 2 1 . 2 . . . . . . 2 2 1 . . Botnet 10 | . . . . . 2 1 . 2 . . . . . . 2 2 1 . . Fabricators . | . . . . . . . . . . . . . . . . . . . . Repair Stations . | . . . . . . . . . . . . . . . . . . . . Recycling Units 2 | . . . . . . . . . . 2 . . . . . . . . . Reject 1 | . . . . . . . . . . 1 . . . . . . . . . Recyclers 1 | . . . . . . . . . . 1 . . . . . . . . . Scanalyzers . | . . . . . . . . . . . . . . . . . . . . Garrison Access . | . . . . . . . . . . . . . . . . . . . . Data Cores Recovered 1 | . 1 . . . . . . . . . . . . . . . . . . Used 1 | . 1 . . . . . . . . . . . . . . . . . . Hacking Detections 48 | . 6 . 4 . 4 3 . 4 2 10 . . . . 5 4 4 2 . Full Trace Events 25 | . 6 . 1 . 2 2 . 2 2 1 . . . . 2 2 3 2 . Feedback Events 1 | . . . . . . . . . . . . . . . 1 . . . . Corruption 1 | . . . . . . . . . . . . . . . 1 . . . . Feedback Blocked . | . . . . . . . . . . . . . . . . . . . . Robot Schematics Acquired 6 | . . . . . . . . . . . . . 6 . . . . . . Robots Built . | . . . . . . . . . . . . . . . . . . . . Authchips . | . . . . . . . . . . . . . . . . . . . . Time . | . . . . . . . . . . . . . . . . . . . . Total Robot Build Rating . | . . . . . . . . . . . . . . . . . . . . Part Schematics Acquired 17 | . . . 2 . 3 . . . . . . . 12 . . . . . . Parts Built . | . . . . . . . . . . . . . . . . . . . . Authchips . | . . . . . . . . . . . . . . . . . . . . Time . | . . . . . . . . . . . . . . . . . . . . Total Part Build Rating . | . . . . . . . . . . . . . . . . . . . . Part Studies Acquired 1 | . . . 1 . . . . . . . . . . . . . . . . Parts Repaired 7 | . . . 3 . . . . 2 . . . . . . 2 . . . . Time 390 | . . . 84 . . . . 218 . . . . . . 88 . . . . Parts Recycled . | . . . . . . . . . . . . . . . . . . . . Recycled Matter . | . . . . . . . . . . . . . . . . . . . . Retrieved Matter . | . . . . . . . . . . . . . . . . . . . . Retrieved Components . | . . . . . . . . . . . . . . . . . . . . Parts Scanalyzed 5 | . . . 2 . 3 . . . . . . . . . . . . . . Part Schematics Acquired 5 | . . . 2 . 3 . . . . . . . . . . . . . . Parts Damaged . | . . . . . . . . . . . . . . . . . . . . Bothacking | -11 -10 -10 -9 -9 -8 -7 -7 -7 -7 -7 -7 -7 -7 -6 -6 -5 -5 -5 -5 ------------ Run | Yrd Mat Min Mat Min Mat Fac Was Fac Gar Fac Low Low Dat Pro Fac Fac Ext Cet Arc Used RIF Installer . | . . . . . . . . . . . . . . . . . . . . Robots Hacked . | . . . . . . . . . . . . . . . . . . . . Non-combat . | . . . . . . . . . . . . . . . . . . . . Combat . | . . . . . . . . . . . . . . . . . . . . Robot Hacks Applied . | . . . . . . . . . . . . . . . . . . . . Relay Couplers Released 28 | . . . . . . . . 4 20 . . . . . . 4 . . . Machine Destruction 20 | . . . . . . . . . 20 . . . . . . . . . . Programmers 8 | . . . . . . . . 4 . . . . . . . 4 . . . Fabnet Peak Effective % . | . . . . . . . . . . . . . . . . . . . . Robots Rewired 14 | . . . . . . . . . . . . . . . . . 14 . . Allies Hacked . | . . . . . . . . . . . . . . . . . . . . Hacks Repelled . | . . . . . . . . . . . . . . . . . . . . Allies | -11 -10 -10 -9 -9 -8 -7 -7 -7 -7 -7 -7 -7 -7 -6 -6 -5 -5 -5 -5 -------- Run | Yrd Mat Min Mat Min Mat Fac Was Fac Gar Fac Low Low Dat Pro Fac Fac Ext Cet Arc Total Allies 36 | . . . . 3 . . . . 1 . . . . . . . 27 5 . Largest Group 17 | . . . . 3 3 . . . 1 . . . . . . . 17 17 14 Highest-Rated Group 907 | . . . . 40 40 . . . 39 . . . . . . . 678 907 907 Highest-Rated Ally 159 | . . . . 16 16 . . . 39 . . . . . . . 159 159 152 Initial Warlord ECA Mod 10 | . . . . . . . . . . 10 10 10 10 9 9 6 3 3 3 Warlord Squad Rendezvous 5 | . . . . . . . . . . . . . . . 2 3 . . . Infantry 1 | . . . . . . . . . . . . . . . 1 . . . . Geek 2 | . . . . . . . . . . . . . . . . 2 . . . Pyro 1 | . . . . . . . . . . . . . . . 1 . . . . Chimera 1 | . . . . . . . . . . . . . . . . 1 . . . Total Orders 2 | . . . . . . . . . . . . . . . . . . . 2 STAY 1 | . . . . . . . . . . . . . . . . . . . 1 FOLLOW 1 | . . . . . . . . . . . . . . . . . . . 1 Ally Attacks 289 | . . . . 13 4 . . . 21 . . . . . . . 139 97 15 Total Damage 5919 | . . . . 139 41 . . . 150 . . . . . . . 3036 2046 507 Kills 51 | . . . . 4 . . . . 2 . . . . . . . 28 15 2 Allies Corrupted 1 | . . . . . . . . . . . . . . . . . 1 . . Allies Melted . | . . . . . . . . . . . . . . . . . . . . Intel | -11 -10 -10 -9 -9 -8 -7 -7 -7 -7 -7 -7 -7 -7 -6 -6 -5 -5 -5 -5 ------- Run | Yrd Mat Min Mat Min Mat Fac Was Fac Gar Fac Low Low Dat Pro Fac Fac Ext Cet Arc Active Infowar (turns) 11273 | 49 1283 . 691 . 508 559 84 752 1247 1545 160 557 56 225 984 1523 645 329 76 Optics 3550 | . . . . . . . . . . . . . . . 977 1523 645 329 76 Sensors 5335 | . . . 521 . 508 320 . 683 . 672 160 557 56 225 433 1109 91 . . IFF 273 | . . . . . . . . . . . . . . 164 109 . . . . Structural 2956 | . . . . . . . . . . 1166 160 557 56 225 736 56 . . . Seismic 1502 | 49 1283 . 170 . . . . . . . . . . . . . . . . Machine Analysis 2299 | . . . . . . . . 331 1247 721 . . . . . . . . . Jamming 2284 | . . . . . . 434 84 687 . 1079 . . . . . . . . . Robot Analysis Total 2 | . 1 . . . 1 . . . . . . . . . . . . . . Derelict Logs Recovered 7 | . . 1 . 1 . . . . . . 2 1 . 2 . . . . . Drone Launches . | . . . . . . . . . . . . . . . . . . . . Drone Recoveries . | . . . . . . . . . . . . . . . . . . . . Exploration | -11 -10 -10 -9 -9 -8 -7 -7 -7 -7 -7 -7 -7 -7 -6 -6 -5 -5 -5 -5 ------------- Run | Yrd Mat Min Mat Min Mat Fac Was Fac Gar Fac Low Low Dat Pro Fac Fac Ext Cet Arc Turns Passed 15138 | 121 1385 841 1737 946 1366 559 84 752 1247 1545 160 557 56 225 984 1523 645 329 76 Spaces Moved 10395 | 68 868 349 694 439 627 230 65 306 597 976 203 666 76 273 908 1303 1325 232 190 Core 27 | 2 . . . . . . . . 2 . . . . . . 23 . . . Treads 2302 | 57 169 205 262 . 608 79 . 188 570 164 . . . . . . . . . Legs 346 | . . . . . . . . . . . . . . . . 346 . . . Wheels 3025 | 9 699 144 432 439 19 151 65 118 25 489 . . . . 95 340 . . . Hover 2416 | . . . . . . . . . . 323 203 666 76 273 813 62 . . . Flight 2279 | . . . . . . . . . . . . . . . . 532 1325 232 190 Fastest Speed 5 | 50 95 110 105 205 115 115 115 130 115 74 74 74 74 74 65 5 5 23 5 Average Speed 107 | 146 129 189 185 205 164 167 122 143 153 125 74 75 74 74 77 80 22 23 21 Slowest Speed 650 | 160 240 240 240 205 240 240 130 320 650 235 74 147 74 74 220 435 26 99 23 Overloaded Moves 48 | . . . . . . . . . . . . . . . . 4 31 . 13 Propulsion Burnouts . | . . . . . . . . . . . . . . . . . . . . Robots Hopped 8 | . . . . . . . . . . . . . . . . 1 6 . 1 Potential Cave-ins 2 | . . . . . . . . 2 . . . . . . . . . . . Cave-ins Triggered 1 | . . . . . . . . . . . . . . . 1 . . . . Exploration Rate (%) 54 | 5 93 72 57 88 50 6 71 7 73 30 43 80 68 44 23 31 89 65 88 Regions Visited 19 Branch Regions 9 Pre-discovered Areas 3 | . . . . . . . . . . . 1 . 1 1 . . . . . Known Exits Taken 15 | . 1 1 1 1 1 . . 1 . 1 1 1 1 1 1 1 1 1 . Unknown Exits Taken 1 | 1 . . . . . . . . . . . . . . . . . . . Scrap Searched 9 | . . 1 . 1 . . . . . . 1 3 . 3 . . . . . Spaces Dug 84 | . 2 . 3 . 1 6 . 6 2 15 . . . . 10 22 16 1 . Terrain Destroyed 493 | . 13 . 21 . 70 54 . 13 184 18 . . . . 10 75 16 1 18 Melee 81 | . 2 . 3 . 1 6 . 6 1 15 . . . . 10 20 16 1 . Projectile 45 | . . . 1 . 2 4 . . 4 3 . . . . . 31 . . . AOE 367 | . 11 . 17 . 67 44 . 7 179 . . . . . . 24 . . 18 Terrain Rammed . | . . . . . . . . . . . . . . . . . . . . Walls Destroyed . | . . . . . . . . . . . . . . . . . . . . Machines Disabled . | . . . . . . . . . . . . . . . . . . . . Actions | -11 -10 -10 -9 -9 -8 -7 -7 -7 -7 -7 -7 -7 -7 -6 -6 -5 -5 -5 -5 --------- Run | Yrd Mat Min Mat Min Mat Fac Was Fac Gar Fac Low Low Dat Pro Fac Fac Ext Cet Arc Total 13060 | 83 1010 454 997 458 848 313 71 551 784 1201 208 720 75 296 1110 1586 1599 485 211 Wait 1229 | . 31 39 135 2 60 9 . 174 66 88 1 46 . 18 99 79 150 229 3 Move 10360 | 67 867 348 693 438 626 230 64 305 594 975 202 665 75 272 908 1300 1312 231 188 Hop 8 | . . . . . . . . . . . . . . . . 1 6 . 1 Pick Up 139 | 6 14 6 24 2 14 2 3 7 12 25 . 1 . 1 12 9 1 . . Fast Attach 126 | 7 2 3 12 . 8 1 . 4 9 8 2 2 . 1 10 44 5 4 4 Attach 51 | . . . 4 1 4 1 . 7 8 6 . 1 . . 6 8 1 1 3 Detach 26 | . 1 . 3 . 2 . . 4 2 3 . 1 . . 1 4 1 1 3 Swap 182 | 2 15 10 20 . 39 21 . 8 8 16 1 1 . 1 17 13 8 1 1 Drop 185 | . 17 8 22 1 35 2 4 3 13 20 . 2 . 3 15 31 4 5 . Fire 398 | 1 57 33 80 14 57 29 . 13 62 20 . . . . . 29 . . 3 Melee 303 | . 6 7 4 . 3 10 . 26 10 40 2 1 . . 42 68 66 13 5 Ram . | . . . . . . . . . . . . . . . . . . . . Kick . | . . . . . . . . . . . . . . . . . . . . Crush . | . . . . . . . . . . . . . . . . . . . . Escape Stasis 53 | . . . . . . 8 . . . . . . . . . . 45 . . Rewire . | . . . . . . . . . . . . . . . . . . . . Trap . | . . . . . . . . . . . . . . . . . . . . Miscellaneous . | . . . . . . . . . . . . . . . . . . . . Route ------- -11/Scrapyard -10/Materials (discovered 4 exits: *Mat x3 / *Min) -10/Mines (discovered 2 exits: *Mat x2) -9/Materials (discovered 2 exits: *Mat / *Min) -9/Mines (discovered 3 exits: *Mat x2 / [*Exi]) -8/Materials -7/Factory (discovered 2 exits: Low x2) -7/Waste -7/Factory -7/Garrison (discovered 2 exits: *Fac x2) -7/Factory -7/Lower Caves -7/Lower Caves (discovered 2 exits: *Fac / *Dat) -7/Data Miner -6/Proximity Caves -6/Factory -5/Factory (discovered 5 exits: *Fac / Upp x2 / *Ext x2) -5/Extension (discovered 2 exits: *Fac / *Cet) -5/Cetus -5/Archives (discovered 3 exits: *Fac / [*Hub x2]) History --------- Turn | Location | Event 7 | -11/Scrapyard | Discovered new exit (range 16) 122 | -11/Scrapyard | Entered Materials 187 | -10/Materials | Discovered new exit (range 14) 274 | -10/Materials | Central database locked down 292 | -10/Materials | Discovered new exit (range 16) 310 | -10/Materials | Build established: Mutant 357 | -10/Materials | Destroyed 8 combat bots 728 | -10/Materials | Discovered new exit (range 3) 1406 | -10/Materials | Identified exit to Materials 1498 | -10/Materials | Discovered new exit (range 7) 1506 | -10/Materials | Identified exit to Mines 1507 | -10/Materials | Entered Mines 1619 | -10/Mines | Excavation squad dispatched 1619 | -10/Mines | A large section of the Mines collapsed 1639 | -10/Mines | Core integrity fell below 50% 1880 | -10/Mines | Learned Materials emergency access door positions 1947 | -10/Mines | Discovered exit to Materials (range 12) 2022 | -10/Mines | Core integrity fell below 20% 2049 | -10/Mines | Received a Rocket Launcher from a helpful Derelict 2069 | -10/Mines | Discovered exit to Materials (range 6) 2348 | -10/Mines | Entered Materials 2348 | -9/Materials | Evolved 2 slots: Utility x2 3057 | -9/Materials | Repaired Lgt. Cannon 3090 | -9/Materials | Repaired Imp. Ion Engine 3118 | -9/Materials | Repaired Lgt. Armor Plating 3373 | -9/Materials | Discovered new exit (range 8) 3435 | -9/Materials | Lost 3 parts (1n1u1w) 3778 | -9/Materials | Discovered new exit (range 12) 3803 | -9/Materials | Identified exit to Materials 4082 | -9/Materials | Identified exit to Mines 4085 | -9/Materials | Entered Mines 4283 | -9/Mines | Discovered exit to Materials (range 5) 4504 | -9/Mines | Assisted by bots powering up and referring to "LRC-V3" 4710 | -9/Mines | Deemed a non-threat by the Exiles lab entrance 4710 | -9/Mines | Discovered new exit (range 5) 4761 | -9/Mines | Discovered exit to Materials (range 11) 4800 | -9/Mines | Learned 2 Materials zone layouts 5031 | -9/Mines | Entered Materials 5031 | -8/Materials | Accompanied by 3 allies 5031 | -8/Materials | Evolved 2 slots: Propulsion x1, Utility x1 5250 | -8/Materials | Lost 3 allies 5748 | -8/Materials | Central database locked down 6046 | -8/Materials | Destroyed 8 combat bots 6193 | -8/Materials | Discovered new exit (range 5) 6235 | -8/Materials | Identified exit to Factory 6397 | -8/Materials | Entered Factory 6397 | -7/Factory | Evolved 2 slots: Utility x1, Weapon x1 6491 | -7/Factory | Identified exit to Lower Caves 6956 | -7/Factory | Sucked down chute 6956 | -7/Factory | Entered Waste 6971 | -7/Waste | EMP discharged 6982 | -7/Waste | Spotted C-40 Crusher 6994 | -7/Waste | Crushed by Compactor (1 part destroyed, 2 dropped) 7002 | -7/Waste | Spotted C-40 Crusher 7005 | -7/Waste | Spotted C-40 Crusher 7006 | -7/Waste | Spotted C-40 Crusher 7008 | -7/Waste | Spotted C-40 Crusher 7014 | -7/Waste | Spotted C-40 Crusher 7029 | -7/Waste | Discovered new exit (range 10) 7039 | -7/Waste | Identified exit to Factory 7040 | -7/Waste | Entered Factory 7348 | -7/Factory | Repaired Adv. Medium Treads 7443 | -7/Factory | Repaired Broken Hvy. Treads 7494 | -7/Factory | System corruption reached 10% 7791 | -7/Factory | Identified exit to Garrison 7792 | -7/Factory | Entered Garrison 7866 | -7/Garrison | Triggered checkpoint 8005 | -7/Garrison | Rescued a captive Derelict 8025 | -7/Garrison | Garrison Relay disabled 8117 | -7/Garrison | Triggered checkpoint 8154 | -7/Garrison | Destroyed 9 combat bots 8192 | -7/Garrison | Triggered checkpoint 8265 | -7/Garrison | Phase Generator disabled 8265 | -7/Garrison | Spotted B-75 Beast 8319 | -7/Garrison | Discovered new exit (range 10) 8332 | -7/Garrison | Identified exit to Factory 8333 | -7/Garrison | Attempted to access garrison exit controls, blocked by remote lockdown 8360 | -7/Garrison | Triggered checkpoint 8360 | -7/Garrison | Build established: Scavenger-Gunner 8396 | -7/Garrison | Triggered checkpoint 8450 | -7/Garrison | Garrison Relay disabled 8476 | -7/Garrison | Garrison Relay disabled 8538 | -7/Garrison | Garrison Relay disabled 8778 | -7/Garrison | Triggered checkpoint 8815 | -7/Garrison | Destroyed 7 combat bots 8878 | -7/Garrison | Core integrity fell below 50% 8890 | -7/Garrison | Triggered checkpoint 8953 | -7/Garrison | Lost 3 parts (2n1w) 8973 | -7/Garrison | Garrison Relay disabled 9018 | -7/Garrison | Discovered exit to Factory (range 14) 9039 | -7/Garrison | Entered Factory 9568 | -7/Factory | Identified exit to DSF 9634 | -7/Factory | Build established: Scavenger-Assassin 9788 | -7/Factory | Lost 3 parts (1p1n1u) 10239 | -7/Factory | First assault squad dispatched 10240 | -7/Factory | Build established: Scavenger-Mutant 10317 | -7/Factory | Lost 4 parts (1p2u1w) 10577 | -7/Factory | Discovered exit to Lower Caves (range 10) 10584 | -7/Factory | Build established: Scout 10584 | -7/Factory | Entered Lower Caves 10590 | -7/Lower Caves | Met a Warlord Commander 10591 | -7/Lower Caves | Learned location of Warlord (-5) 10592 | -7/Lower Caves | Warlord Commander delivered Encrypted Comm Array 10594 | -7/Lower Caves | Found Encrypted Comm Array 10610 | -7/Lower Caves | Learned Factory interactive machine intel 10683 | -7/Lower Caves | Identified exit to Lower Caves 10744 | -7/Lower Caves | Entered another Lower Caves area 10766 | -7/Lower Caves | Discovered new exit (range 15) 10776 | -7/Lower Caves | Identified exit to Factory 10798 | -7/Lower Caves | Encountered a Warlord checkpoint 11062 | -7/Lower Caves | Learned Factory emergency access door positions 11295 | -7/Lower Caves | Discovered new exit (range 8) 11300 | -7/Lower Caves | Identified exit to Data Miner 11301 | -7/Lower Caves | Entered Data Miner 11301 | -7/Data Miner | Discovered new exit (range 6) 11316 | -7/Data Miner | Met Data Miner 11329 | -7/Data Miner | Learned location of Section 7 (-2) 11329 | -7/Data Miner | Acquired the access code to Warlord's prototype stash 11340 | -7/Data Miner | Received God Mode back door access code from Data Miner 11356 | -7/Data Miner | Identified exit to Proximity Caves 11357 | -7/Data Miner | Entered Proximity Caves 11384 | -6/Proximity Caves | Learned location of Zion (-6) 11538 | -6/Proximity Caves | Discovered exit to Factory (range 10) 11582 | -6/Proximity Caves | Entered Factory 11582 | -6/Factory | Evolved 2 slots: Propulsion x1, Utility x1 11584 | -6/Factory | Loaded intel: 54 interactive machine locations 11627 | -6/Factory | Repaired Structural Scanner 11690 | -6/Factory | Repaired Adv. Medium Treads 12004 | -6/Factory | Incoming investigation squad redirected 12073 | -6/Factory | Spotted B-75 Beast 12254 | -6/Factory | Joined by Warlord Pyro squad 12314 | -6/Factory | Build established: Mutant 12332 | -6/Factory | Cargo convoy interrupted 12334 | -6/Factory | P-60 Hacker assimilated allied X9-8QC(i) 12362 | -6/Factory | Incoming assault squad redirected 12406 | -6/Factory | Lost 3 allies 12441 | -6/Factory | Crushed by falling debris 12446 | -6/Factory | Core integrity fell below 50% 12480 | -6/Factory | Lost 9 parts (1p4n3u1w) 12487 | -6/Factory | Joined by Warlord Infantry squad 12538 | -6/Factory | Discovered new exit (range 14) 12562 | -6/Factory | System corruption reached 10% 12564 | -6/Factory | Core integrity fell below 20% 12565 | -6/Factory | Identified exit to Factory 12566 | -6/Factory | Entered another Factory area 12566 | -5/Factory | Evolved 2 slots: Propulsion x1, Utility x1 12567 | -5/Factory | Identified exit to Upper Caves 12593 | -5/Factory | Lost 5 parts (1n2u2w) 12674 | -5/Factory | Lost 4 parts (1p2n1u) 12776 | -5/Factory | Lost 5 parts (3n2w) 12955 | -5/Factory | Joined by Warlord Chimera squad 13140 | -5/Factory | P-70 Sage assimilated allied OC-SU8(M) 13144 | -5/Factory | Joined by Warlord Geek squad 13256 | -5/Factory | Build established: Assassin 13429 | -5/Factory | Lost 3 parts (2n1u) 13586 | -5/Factory | System corruption reached 10% 13813 | -5/Factory | Found Scatter Rocket Array 13921 | -5/Factory | Core integrity fell below 50% 14025 | -5/Factory | Incoming investigation squad redirected 14062 | -5/Factory | Identified exit to Extension 14066 | -5/Factory | Joined by Warlord Geek squad 14073 | -5/Factory | Discovered new exit (range 9) 14077 | -5/Factory | Identified exit to Factory 14089 | -5/Factory | Entered Extension 14107 | -5/Extension | Rescued a captive Derelict 14114 | -5/Extension | Rescued a captive Derelict 14115 | -5/Extension | Rescued a captive Derelict 14168 | -5/Extension | Rescued a captive Derelict 14169 | -5/Extension | Rescued a captive Derelict 14193 | -5/Extension | Incoming investigation squad redirected 14195 | -5/Extension | Incoming investigation squad redirected 14219 | -5/Extension | Build established: Scout 14222 | -5/Extension | Rescued a captive Derelict 14331 | -5/Extension | Spotted B-75 Beast 14331 | -5/Extension | Spotted B-75 Beast 14429 | -5/Extension | Rescued a captive Derelict 14431 | -5/Extension | Rescued a captive Derelict 14435 | -5/Extension | Rescued a captive Derelict 14450 | -5/Extension | Rescued A7 14499 | -5/Extension | Rescued a captive Derelict 14632 | -5/Extension | Rescued a captive Derelict 14633 | -5/Extension | Rescued a captive Derelict 14653 | -5/Extension | Discovered exit to Factory (range 10) 14653 | -5/Extension | Discovered new exit (range 6) 14654 | -5/Extension | Identified exit to Cetus 14734 | -5/Extension | Entered Cetus 14734 | -5/Cetus | Accompanied by 17 allies (A7) 14736 | -5/Cetus | Spotted Cetus Guard 14736 | -5/Cetus | Spotted Cetus Guard 14739 | -5/Cetus | Acquired a Cetus Manufacturing Module code from A7 14745 | -5/Cetus | Spotted Cetus Guard 14745 | -5/Cetus | Spotted Cetus Guard 14765 | -5/Cetus | Allies destroyed Cetus Guard 14772 | -5/Cetus | Allies destroyed Cetus Guard 14775 | -5/Cetus | Allies destroyed Cetus Guard 14798 | -5/Cetus | Started Cetus Manufacturing Module 14807 | -5/Cetus | Lost 6 allies 14822 | -5/Cetus | Incoming investigation squad redirected 14823 | -5/Cetus | Manufactured an Enhanced Grunt 14830 | -5/Cetus | Build established: Commander-Sprinter 14838 | -5/Cetus | Incoming investigation squad redirected 14846 | -5/Cetus | Discovered new exit (range 20) 14848 | -5/Cetus | Manufactured an Enhanced Grunt 14873 | -5/Cetus | Manufactured an Enhanced Grunt 14898 | -5/Cetus | Manufactured an Enhanced Grunt 14923 | -5/Cetus | Manufactured an Enhanced Grunt 15043 | -5/Cetus | Identified exit to Archives 15063 | -5/Cetus | Entered Archives 15063 | -5/Archives | Accompanied by 14 allies (A7) 15068 | -5/Archives | Met Zhirov 15069 | -5/Archives | Discovered new exit (range 20) 15069 | -5/Archives | Discovered new exit (range 20) 15071 | -5/Archives | Read partially decrypted archive contents 15072 | -5/Archives | Discovered exit to Factory (range 20) 15074 | -5/Archives | Reinforcements dispatched to Archives 15081 | -5/Archives | Unable to access archive contents 15091 | -5/Archives | Unable to access archive contents 15104 | -5/Archives | Unable to access archive contents 15119 | -5/Archives | Reinforcements dispatched to Archives 15121 | -5/Archives | Zhirov warped through subspace 15139 | -5/Archives | Zhirov detonated Archives 15139 | -5/Archives | Core destroyed Last Messages --------------- 15136_ Acquired 2 matter. 15139_ Enhanced Grunt heat damages core (-37). 15139_ Archive Terminal disabled. 15139_ 92-QH0(h) destroyed. 15139_ Focal Shield destroyed. 15139_ I-47 Archangel destroyed. 15139_ Q7-VH2(g) destroyed. 15139_ 1B-QHU(g) destroyed. 15139_ FI-137(h) destroyed. 15139_ G-50 Soldier destroyed. 15139_ I7-5UP(g) destroyed. 15139_ Cld. Nuclear Pulse Thruster destroyed. 15139_ Hvy. Mace destroyed. 15139_ G-50 Soldier destroyed. 15139_ Enhanced Grunt destroyed. 15139_ 9E-VGG(h) destroyed. 15139_ G-50 Soldier destroyed. 15139_ O-32 Director destroyed. 15139_ Quantum Reactor destroyed. Map ----- +----------------------------------------------------+ | | | | | | | | | | | ??????????????????????????????????????? | | ??????????????????????????????????????? | | ?????????????????#############????????? | | ?????????????????#"""" # #????????? | | ?????????????????#"""" # < #????????? | | ???????????????###"""" # #????????? | | ????????????#?? ##" "" #Y #????????? | | ???????????? ?# ## " " g #????????? | | ???????????? # # "" g % ????????? | | ????????????# #"" Y ! #???????? | | ???????????? " #???????? | | ???????????? #??????? | | ????????????# % ##?????? | | ???????????## #?????? | | ??????????## #?????? | | ????????### ! #?????? | | ??????### #????? | | ??##### ##???? | | ??# hg% #?""? | | ??# % #"""" | | ??# %g @ """" | | ??### ! #"""? | | ??#% g% """" | | ??# "# | | ??#% "#? | | ??#" ####### | | ??#" | | ??#" | | ??#" | | ??### ######## | | ????# #???????? | | ????# ????????? | | ????## ????????? | | ?????# #????????? | | ?????## #????????? | | ??????# "??????????? | | ??????### """"??????????? | | ????????### """""?????????? | | ??????????### # ?""??????????? | | ????????????? # + ??????????????? | | ?????????????????# # ???????????????? | | ?????????????????# # ???????????????? | | ?????????????????# < #????????????????? | | ?????????????????# #????????????????? | | ??????????????????###?????????????????? | +----------------------------------------------------+ Best States ------------- Heat Dissipation 59 Coolant Potential 80 Energy Generation 25 Energy Capacity 350 Matter Stores 300 Matter Capacity 450 Sight Range 20 Robot Scan Range 15 Terrain Scan Density 10 Jamming Range 12 Armor Coverage 305 Resistance: KI 20 Core Shielding 30 Weapon Shielding 33 Melee Speed Boost 20 Evasion (%) 75 Targeting Accuracy 6 Melee Accuracy 11 Target Analysis 6 Core Analysis 6 Recoil Reduction 3 Kinecelleration 30 Offensive Hacking 22 Defensive Hacking 12 Item Schematics ----------------- Huge Storage Unit | -9/Materials | Scanalyzed Machine Analyzer | -9/Materials | Scanalyzed Seismic Detector | -8/Materials | Scanalyzed Datajack | -8/Materials | Scanalyzed Tractor Beam | -8/Materials | Scanalyzed Combat Drone Bay | -7/Data Miner | Free Lgt. Regenerative Plating | -7/Data Miner | Free Cld. Cesium-ion Thruster | -7/Data Miner | Free Exp. Power Shielding | -7/Data Miner | Free Imp. Heavy Machine Gun | -7/Data Miner | Free Field Propulsion Drive | -7/Data Miner | Free Imp. Component Analysis Suite | -7/Data Miner | Free Imp. Remote Datajack | -7/Data Miner | Free Proton Cannon | -7/Data Miner | Free Imp. Arc Projector | -7/Data Miner | Free Imp. Gyrokinetic Inverter | -7/Data Miner | Free Phase Gun | -7/Data Miner | Free Robot Schematics ------------------ W-25 Informer | -7/Data Miner | Free G-50 Soldier | -7/Data Miner | Free A-15 Conveyor | -7/Data Miner | Free Y-54 Guardian | -7/Data Miner | Free Y-64 Sentinel | -7/Data Miner | Free H-66 Slayer | -7/Data Miner | Free Fabricated ------------ Nothing Repaired ---------- Lgt. Cannon | 15% | -9/Materials Imp. Ion Engine | 2% | -9/Materials Lgt. Armor Plating | 34% | -9/Materials Adv. Medium Treads | 1% | -7/Factory Hvy. Treads | 7% | -7/Factory | Broken Structural Scanner | 10% | -6/Factory Adv. Medium Treads | 29% | -6/Factory Studied --------- Wheel | -9/Materials | Hacked Alien Tech Used ----------------- None Achievements -------------- Botjacking Hammer Time No Signal Prison Break Project G-00 Speed Demon Squad Leader Supersonic Whoosh! Challenges ------------ None Game ------ Seed ChromaticForceStreamer Manual? 0 Play Time 02:42:19 Cumulative 17.8 hours Start 2025.11.11 @ 09:20:37 End 2025.11.11 @ 12:01:49 Sessions 1 Manual Loads 0 Difficulty Rogue Special Mode None Game No. 10 Rogue 10 Adventurer 0 Explorer 0 Win Type - Total 1 Types 1/0/0/0/0/0/0/0/0/0 Lore% 32 Gallery% 31 Achievement% 30 Wizard Run 0 Options --------- Layout 1 ASCII 0 Keyboard 1 Movement Vi Keybinds 0 Fullscreen 2 Font 28/Smallcaps Map View 50x43 Zoom Use 0% Tactical HUD 1 Map Filters NONE Filters NONE Steam 0 RUN: 024fd96b-e58c-4ffa-9d2d-95aaa3415743